 Dungeon Crawl Stone Soup version bcrawl-1.12-8-g964540c432 (webtiles) character file.

Game seed: 18305124298780864097

4834 MisterOstroum the Fighter (level 10, -8/85 HPs)
             Began as a Demonspawn Archaeologist on June 7, 2019.
             Was a Follower of Wu Jian.
             Mangled by a wolf (11 damage)
             ... led by Grum
             ... on level 8 of the Dungeon.
             The game lasted 00:51:02 (9883 turns).

MisterOstroum the Fighter (DsAc)                    Turns: 9883, Time: 00:51:03

Health: -8/85      AC: 12    Str: 15    XL:     10   Next: 25%
Magic:  12/12      EV: 20    Int: 16    God:    Wu Jian [*.....]
Gold:   333        SH:  0    Dex: 13    Spells: 9/9 levels left

rFire    . . .     SeeInvis .   a - +0 halberd
rCold    + + +     Gourm    .   (shield currently unavailable)
rNeg     . . .     Faith    .   f - +4 skin of Zhor {+Rage rC+++ Slay+4}
rPois    .         Spirit   .   j - +2 hat
rElec    +         Reflect  .   (no cloak)
rCorr    .         Harm     .   d - +1 pair of gloves
MR       .....                  c - +1 pair of boots
Stlth    +++.......             s - amulet of magic regeneration
HPRegen  0.24/turn              J - ring of insulation
MPRegen  0.38/turn              t - +2 ring of dexterity

@: very slightly contaminated, invisible, repel missiles
A: repulsion field 3, nightstalker 1, powered by death 1
a: Wall Jump, Renounce Religion, Evoke Berserk Rage


You were on level 8 of the Dungeon.
You worshipped Wu Jian.
Wu Jian was aware of your devotion.
You were not hungry.

You visited 2 branches of the dungeon, and saw 9 of its levels.

You collected 573 gold pieces.
You spent 240 gold pieces at shops.

Inventory:

Hand Weapons
 a - a +0 halberd (weapon)
 b - the +6 hunting sling of Wakhetith {flame, +Fly Dex+3 SInv}
   (You found it on level 8 of the Dungeon)

   It causes projectiles fired from it to burn those they strike, causing extra
   injury to most foes and up to half again as much damage against particularly
   susceptible opponents.
   It affects your dexterity (+3).
   It lets you see invisible.
   It lets you fly.
 G - a +3 dagger of electrocution
Missiles
 h - 85 poisoned tomahawks
 i - 747 sling bullets
 v - 805 stones (quivered)
 L - 149 tomahawks
Armour
 c - a +1 pair of boots (worn)
 d - a +1 pair of gloves (worn)
 f - the +4 skin of Zhor (worn) {+Rage rC+++ Slay+4}

   It affects your accuracy and damage with ranged weapons and melee attacks
   (+4).
   It renders you almost immune to cold.
   It lets you go berserk.
 j - a +2 hat (worn)
Jewellery
 k - an uncursed ring of protection from fire
 o - an uncursed ring of poison resistance
 s - an amulet of magic regeneration (around neck)
 t - a +2 ring of dexterity (right hand)
 J - a ring of insulation (left hand)
Wands
 y - a wand of polymorph (4)
Scrolls
 l - 2 scrolls of magic mapping
 u - a scroll of fog {!r}
 w - a scroll of enchant weapon
 z - a scroll of immolation
 C - a scroll of remove curse {@r2}
 F - a scroll of enchant armour
Potions
 g - a potion of curing {@q1 !q}
 n - a potion of agility {@q5 !q}
 q - 4 potions of haste {@q4 !q}
 r - 3 potions of mutation
 x - 2 potions of lignification {unknown}
 A - a potion of magic
 D - a potion of heal wounds {unknown}
 E - a potion of degeneration {unknown}
Comestibles
 e - 5 rations {!d}
 B - 9 chunks of flesh


   Skills:
 - Level 10.0 Fighting
 * Level 7.9 Polearms
 + Level 8.0 Dodging
 - Level 3.0 Stealth
 + Level 3.2 Evocations


You had 9 spell levels left.
You didn't know any spells.
Your spell library contained the following spells:

 Spells                   Type           Power        Failure   Level  Hunger
 Magic Dart               Conj           #...         26%         1    ##.....
 Slow                     Hex            #.......     26%         1    ##.....
 Blink                    Tloc           N/A          36%         2    ###....
 Call Imp                 Summ           #.......     36%         2    ###....
 Conjure Flame            Conj/Fire      #.......     58%         3    ####...
 Mephitic Cloud           Conj/Pois/Air  #.......     58%         3    ####...


Dungeon Overview and Level Annotations

Branches:
Dungeon (8/12)             Temple (1/1) D:4
   Lair: D:7-10         Orc: D:8-11

Altars:
Ashenzari
Cheibriados
Dithmenos
Elyvilon
Fedhas
Gozag
Hepliaklqana
Kikubaaqudgha
Lugonu
Makhleb
Nemelex Xobeh
Okawaru
Qazlal
Ru
Trog
Uskayaw
Vehumet
Wu Jian
Xom
Yredelemnul
The Shining One

Shops:
D:4 =   D:5 }   D:7 *

Annotations:
D:8 Grum


Innate Abilities, Weirdness & Mutations

You are surrounded by a strong repulsion field. (EV +4, RMsl)
You are slightly more attuned to the shadows.
You regenerate a little health from kills.


Message History

a +0 troll leather armour; a troll skeleton The wolf closely misses you.
The wolf bites you but does no damage. The wolf barely misses you.
The wolf bites you but does no damage. The wolf misses you.
Grum rages.
The wolf completely misses you. The wolf bites you!
Grum rages.
The wolf bites you but does no damage. The centaur warrior skeleton hits you.
Grum hits you with a +0 spear!
* * * LOW HITPOINT WARNING * * *
You fade into invisibility!
The wolf closely misses you. x3; The wolf bites you.
* * * LOW HITPOINT WARNING * * *
The wolf completely misses you. Grum completely misses you.
The centaur warrior skeleton closely misses you.
The wolf completely misses you.
You are very lightly contaminated with residual magic.
You spin and attack Grum.
You puncture Grum!
Grum is heavily wounded.
You spin and attack the wolf.
You closely miss the wolf.
Grum is no longer berserk.
The wolf completely misses you. The wolf closely misses you.
You spin and attack the wolf.
You miss the wolf. The wolf closely misses you. The wolf barely misses you.
You feel better. The wolf closely misses you.
The wolf bites you but does no damage. The wolf closely misses you.
The centaur warrior skeleton misses you.
The wolf completely misses you.
You closely miss the wolf.
The wolf is lightly wounded.
The wolf completely misses you. The wolf misses you. x2
The centaur warrior skeleton misses you.
The wolf closely misses you. The wolf bites you!
* * * LOW HITPOINT WARNING * * *
The wolf misses you.
You spin and attack the wolf.
You hit the wolf.
The wolf is moderately wounded.
You spin to attack the centaur warrior skeleton, but your attack speed is too slow for a blow to land.
The centaur warrior skeleton misses you.
The wolf closely misses you. The wolf misses you.
You spin and attack the centaur warrior skeleton.
You slash the centaur warrior skeleton!
The centaur warrior skeleton is moderately damaged.
You spin to attack the orc, but your attack speed is too slow for a blow to land.
The centaur warrior skeleton barely misses you.
The orc hits you but does no damage. The wolf completely misses you.
The centaur warrior skeleton misses you.
You spin and attack the orc.
You puncture the orc!
You kill the orc!
The Council accepts your kill. The wolf misses you.
You spin and attack the wolf.
You completely miss the wolf.
The wolf is moderately wounded.
You spin and attack the centaur warrior skeleton.
You puncture the centaur warrior skeleton!
The centaur warrior skeleton is moderately damaged.
The centaur warrior skeleton barely misses you.
You spin and attack the centaur warrior skeleton.
You barely miss the centaur warrior skeleton.
The centaur warrior skeleton is moderately damaged.
Grum looks more energetic.
The centaur warrior skeleton misses you.
The wolf bites you.
* * * LOW HITPOINT WARNING * * *
The orc warrior misses you.
The centaur warrior skeleton misses you.
The wolf misses you. The wolf closely misses you.
You spin and attack the wolf.
You barely miss the wolf.
The wolf is moderately wounded.
You spin and attack the centaur warrior skeleton.
You slash the centaur warrior skeleton!
The centaur warrior skeleton is heavily damaged.
The centaur warrior skeleton hits you but does no damage.
The wolf bites you.
* * * LOW HITPOINT WARNING * * *
The wolf bites you.
* * * LOW HITPOINT WARNING * * *
You spin and attack the centaur warrior skeleton.
You barely miss the centaur warrior skeleton.
The centaur warrior skeleton is heavily damaged.
You spin and attack the orc.
You catch the helpless orc completely off-guard!
You hit the orc.
The orc is heavily wounded.
The centaur warrior skeleton hits you.
* * * LOW HITPOINT WARNING * * *
The orc closely misses you. The wolf bites you.
* * * LOW HITPOINT WARNING * * *
The centaur warrior skeleton misses you.
The wolf barely misses you.
Press: ? - help, v - describe, . - travel
Here: a wolf (lightly wounded)
The floor, spattered with blood.
As you read the scroll labeled SUTOISIYSH, it crumbles to dust.
Wisps of shadow whirl around you...
It was a scroll of summoning.
The wolf bites you!
You die...

.......................
.................?....
##...........[.....[.#
###.................#.#
#.................#####
##.....÷...........#
#...................#
.....K..hh............
##.....@h.............. .
##.KK.hoZo.÷............ ..
#...#KKgY...)....[......
.....
####...#..............
......#.#....##K..)........
...............K.K.........
.................#.........
.......##....#.####...#....
..........####..# #...#..#


You could see Grum, an orc warrior (wandering), an ice beast (wandering), 3
wolves, an orc, a centaur warrior skeleton, a friendly big kobold, a friendly
hound and 7 friendly kobolds.

Vanquished Creatures
  Pikel (D:6)
  Joseph (D:7)
  A centaur skeleton (D:5)
  2 trolls
  Grinder (D:6)
  3 hungry ghosts
  4 slaves (D:6)
  3 orc warriors
  2 ice beasts
  3 sky beasts
  3 necrophages
  An eye of draining (D:8)
  2 ogres
  A wolf (D:8)
  3 centaurs
  A crocodile (D:8)
  4 bullfrogs
  A howler monkey (D:4)
  A bullfrog zombie (D:5)
  6 crimson imps
  A hound (D:8)
  2 jellies
  An orc priest (D:8)
  2 iguanas
  Ijyb (D:3)
  2 orc wizards
  3 worker ants
  A hound zombie (D:6)
  3 hound skeletons
  Robin (D:2)
  4 adders
  4 gnolls
  A shadow imp (D:5)
  An adder skeleton (D:5)
  4 worms
  A dart slug (D:1)
  16 orcs
  2 ball pythons (D:1)
  6 bats
  4 giant cockroaches
  13 hobgoblins
  7 jackals
  3 quokkas
  5 frilled lizards
  17 goblins
  5 kobolds
  4 rats
158 creatures vanquished.

Vanquished Creatures (others)
  A human (D:3)
  A hound (D:3)
  3 gnolls (D:3)
  An adder (D:3)
  3 orcs (D:3)
  A hobgoblin (D:3)
  2 jackals (D:3)
  3 kobolds (D:3)
15 creatures vanquished.

Grand Total: 173 creatures vanquished

Notes
Turn   | Place    | Note
-------+----------+-------------------------------------------
     0 | D:1      | MisterOstroum the Demonspawn Archaeologist began the quest
                  | for the Orb.
     0 | D:1      | Reached XP level 1. HP: 15/15 MP: 1/1
   205 | D:1      | Reached skill level 2 in Fighting
   276 | D:1      | Gained mutation: You are slightly more attuned to the
                  | shadows. [demonic ancestry]
   276 | D:1      | Reached XP level 2. HP: 22/22 MP: 2/2
  1288 | D:2      | Reached skill level 3 in Fighting
  1312 | D:2      | Reached XP level 3. HP: 27/29 MP: 3/3
  1730 | D:2      | Noticed Robin
  2152 | D:2      | Killed Robin
  2419 | D:2      | Gained mutation: You are surrounded by a mild repulsion
                  | field. (EV +2) [demonic ancestry]
  2419 | D:2      | Reached XP level 4. HP: 33/35 MP: 4/4
  2937 | D:4      | Found a staircase to the Ecumenical Temple.
  2944 | Temple   | Entered the Ecumenical Temple
  3148 | D:4      | Noticed a sky beast
  3213 | D:4      | Noticed a sky beast
  3221 | D:4      | Found a sparkling altar of Nemelex Xobeh.
  3273 | D:3      | Found a runed door.
  3273 | D:3      | Noticed a human
  3277 | D:3      | Found a basalt altar of Yredelemnul.
  3346 | D:3      | Noticed a necrophage
  3446 | D:2      | Killed a necrophage
  3446 | D:2      | Reached skill level 4 in Fighting
  3446 | D:2      | Reached XP level 5. HP: 24/39 MP: 5/5
  3579 | D:3      | Noticed Ijyb
  3649 | D:3      | Killed a human
  3846 | D:3      | Killed Ijyb
  3846 | D:3      | Reached skill level 5 in Dodging
  4524 | D:4      | Found a glowing golden altar of the Shining One.
  4796 | D:3      | Reached XP level 6. HP: 37/47 MP: 6/6
  4915 | D:4      | Found Kionkoz's Jewellery Shop.
  5053 | D:4      | Killed a sky beast
  5053 | D:4      | Reached skill level 5 in Fighting
  5332 | D:4      | Got an ichor-stained robe
  5362 | D:4      | Found a corrupted altar of Lugonu.
  5489 | D:4      | Bought an uncursed ring of insulation for 240 gold pieces
  5857 | D:4      | Killed a sky beast
  5857 | D:4      | Gained mutation: You are surrounded by a moderate repulsion
                  | field. (EV +3) [demonic ancestry]
  5857 | D:4      | Reached XP level 7. HP: 25/54 MP: 7/7
  6126 | D:4      | Noticed a hungry ghost
  6158 | D:4      | Killed a hungry ghost
  6158 | D:4      | Reached skill level 6 in Fighting
  6182 | D:4      | Identified the cursed +1 robe "Gurgh" {Str+3 Int+4} (You
                  | found it on level 4 of the Dungeon)
  6226 | D:5      | Entered Level 5 of the Dungeon
  6305 | D:5      | Noticed a hungry ghost
  6336 | D:5      | Killed a hungry ghost
  6336 | D:5      | Reached skill level 1 in Polearms
  6364 | D:5      | Found Dove's Gadget Emporium.
  6493 | D:5      | Gained mutation: You regenerate a little health from kills.
                  | [demonic ancestry]
  6493 | D:5      | Reached XP level 8. HP: 58/62 MP: 8/8
  6747 | Temple   | Reached skill level 7 in Fighting
  6820 | Temple   | Became a worshipper of the Wu Jian Council
  7332 | D:6      | Noticed a troll
  7416 | D:6      | Killed a troll
  7416 | D:6      | Reached skill level 5 in Polearms
  7766 | D:6      | Noticed Grinder
  7776 | D:6      | Killed Grinder
  7776 | D:6      | Reached skill level 8 in Fighting
  7776 | D:6      | Reached XP level 9. HP: 46/71 MP: 9/9
  7904 | D:6      | Noticed Pikel
  7965 | D:6      | Killed Pikel
  7965 | D:6      | Reached skill level 9 in Fighting
  8260 | D:6      | Reached * piety under Wu Jian
  8427 | D:7      | Found Fianui Vyler's General Store.
  8558 | D:7      | Reached skill level 10 in Fighting
  8691 | D:7      | Found an iron altar of Okawaru.
  8693 | D:7      | Noticed Joseph
  8751 | D:7      | Reached skill level 1 in Evocations
  8759 | D:7      | Killed Joseph
  9481 | D:7      | Gained mutation: You are surrounded by a strong repulsion
                  | field. (EV +4, RMsl) [demonic ancestry]
  9481 | D:7      | Reached XP level 10. HP: 73/82 MP: 11/11
  9609 | D:8      | Got a brightly glowing hunting sling
  9623 | D:8      | Identified the +6 hunting sling of Wakhetith {flame, +Fly
                  | Dex+3 SInv} (You found it on level 8 of the Dungeon)
  9826 | D:8      | Noticed Grum
  9882 | D:8      | HP: 3/85 [wolf[Grum] (4)]
  9883 | D:8      | Mangled by a wolf

Skill      XL: |  1  2  3  4  5  6  7  8  9 10 |
---------------+-------------------------------+-----
Fighting       | 2 3 4 5 6 8 10 | 10.0
Dodging        | 3 4 5 7 8 |  8.0
Polearms       | 3 6 7 |  7.9
Evocations     | 2 3 |  3.2
Stealth        | |  3.0

Action                   |  1- 3 |  4- 6 |  7- 9 | 10-12 || total
-------------------------+-------+-------+-------+-------++-------
Melee: Dagger            |    32 |   126 |    65 |       ||   223
       Short sword       |   179 |   126 |       |       ||   305
       Unarmed           |     1 |     6 |       |       ||     7
       Spear             |       |    18 |       |       ||    18
       Halberd           |       |       |   245 |    68 ||   313
 Fire: Hunting sling     |       |     5 |       |       ||     5
Throw: Stone             |     4 |    36 |    59 |     2 ||   101
Invok: Whirlwind         |       |       |    98 |    36 ||   134
       Lunge             |       |       |    11 |     5 ||    16
  Use: Scroll            |       |     8 |    14 |     1 ||    23
       Potion            |       |       |     1 |     2 ||     3
 Stab: Sleeping          |     9 |     5 |     6 |     3 ||    23
       Distracted        |     1 |       |       |       ||     1
       Confused          |       |     2 |       |       ||     2
       Invisible         |       |       |       |     1 ||     1
  Eat: Chunk             |     5 |     4 |    13 |     1 ||    23
       Ration            |       |     2 |     4 |       ||     6
Armor: Robe              |    41 |    42 |     8 |       ||    91
       Ring mail         |    56 |    61 |       |       ||   117
       Chain mail        |       |     4 |       |       ||     4
       Skin              |       |     1 |       |       ||     1
       Animal skin       |       |       |    58 |    16 ||    74
Dodge: Dodged            |   133 |   198 |   239 |    90 ||   660
